 Dungeon Crawl Stone Soup version 0.28.0-45-g0d030f2227 (webtiles) character file.

Game seed: 16230832301452563869

410 McKennaii the Conjurer (level 6, -1/41 HPs)
             Began as a Demonspawn Conjurer on Apr 8, 2022.
             Was an Initiate of Sif Muna.
             Slain by Gabide's ghost (4 damage)
             ... on level 4 of the Dungeon.
             The game lasted 00:04:02 (4844 turns).

McKennaii the Conjurer (Demonspawn Conjurer)        Turns: 4844, Time: 00:04:03

Health: -1/41      AC:  8    Str:  7    XL:     6   Next: 58%
Magic:  6/13       EV: 12    Int: 22    God:    Sif Muna [......]
Gold:   140        SH:  5    Dex: 11    Spells: 11/14 levels left

rFire   . . .      SeeInvis .   h - staff of poison
rCold   . . .      Faith    .   (no shield)
rNeg    . . .      Spirit   .   a - +0 robe
rPois   +          Reflect  +   (no helmet)
rElec   .          Harm     .   (no cloak)
rCorr   .          Rampage  .   (no gloves)
Will    .....                   (no boots)
Stlth   ++........              k - amulet of reflection
HPRegen 0.13/turn               (no ring)
MPRegen 0.13/turn               (no ring)

@: mighty, sanguine armoured
A: powered by pain 1, sanguine armour 1
a: Renounce Religion


You were on level 4 of the Dungeon.
You worshipped Sif Muna.
Sif Muna was noncommittal.
You visited 1 branch of the dungeon, and saw 4 of its levels.

You collected 165 gold pieces.
You spent 25 gold pieces at shops.

Inventory:

Armour
 a - a +0 robe (worn)
Magical Staves
 h - a staff of poison (weapon)
 q - a staff of air
Jewellery
 k - an amulet of reflection (around neck)
 n - a ring of fire
Wands
 j - a wand of iceblast (11)
Scrolls
 b - a scroll of vulnerability {unknown}
 e - a scroll of blinking {unknown}
 f - 2 scrolls of silence {unknown}
 g - 2 scrolls of magic mapping {unknown}
 i - a scroll of noise {unknown}
 l - 3 scrolls of immolation {unknown}
 m - a scroll of teleportation {unknown}
 o - 2 scrolls of identify {unknown}
 p - a scroll of amnesia {unknown}
Potions
 c - a potion of heal wounds {unknown}
 d - a potion of might {unknown}


   Skills:
 - Level 1.7 Dodging
 - Level 1.7 Stealth
 + Level 4.8 Spellcasting
 + Level 6.3 Conjurations


You had 11 spell levels left.
You knew the following spells:

 Your Spells              Type           Power      Damage    Failure   Level
a - Magic Dart            Conj           100%       1d8       1%          1
b - Searing Ray           Conj           66%        2d6       1%          2

Your spell library contained the following spells:

 Spells                   Type           Power      Damage    Failure   Level
 Dazzling Flash           Conj/Hex       38%        N/A       9%          3
 Animate Skeleton         Necr           10%        N/A       11%         1
 Pain                     Necr           20%        1d5       11%         1
 Slow                     Hex            20%        N/A       11%         1
 Sting                    Tmut/Pois      28%        1d4       11%         1
 Poisonous Vapours        Pois/Air       14%        N/A       16%         2
 Fulminant Prism          Conj/Hex       9%         3d7       28%         4
 Iskenderun's Mystic Bla  Conj/Tloc      19%        2d6       28%         4
 Confusing Touch          Hex            5%         N/A       30%         3
 Vampiric Draining        Necr           5%         2d6       30%         3
 Olgreb's Toxic Radiance  Pois           7%         N/A       71%         4
 Agony                    Necr           5%         N/A       96%         5
 Silence                  Hex/Air        2%         N/A       96%         5


Dungeon Overview and Level Annotations

Branches:
Dungeon (4/15)
 Temple: D:4-7

Altars:
Ashenzari
Dithmenos
Sif Muna

Shops:
D:1 :*(

Annotations:
D:4 Gabide's ghost, novice HuMo


Innate Abilities, Weirdness & Mutations

You sometimes gain a little power by taking damage.
When seriously injured, your blood forms armour. (AC +6)


Message History

Press: ? - help, Shift-Dir - straight line, f/p - Gabide's ghost
Aim: Gabide's ghost (heavily damaged, 71% to hit)
The searing ray hits Gabide's ghost.
Gabide's ghost is heavily damaged. (Press . to maintain the ray.) Gabide's ghost hits you.
The searing ray hits Gabide's ghost.
Gabide's ghost is heavily damaged.
Gabide's ghost hits you but does no damage.
Unknown command.
The searing ray hits Gabide's ghost.
Gabide's ghost is severely damaged.
Gabide's ghost hits you.
Unknown command.
The searing ray hits Gabide's ghost.
Gabide's ghost is severely damaged.
You finish channelling your searing ray.
Gabide's ghost hits you!
* * * LOW HITPOINT WARNING * * *
You focus on the pain.
You feel your power returning.
Unknown command.
Unknown command.
Casting: Searing Ray (safe; 1% risk of failure)
Confirm with . or Enter, or press ? or * to list all spells.
Aiming: Searing Ray (safe; 1% risk of failure)
Press: ? - help, Shift-Dir - straight line, f/p - Gabide's ghost
Aim: Gabide's ghost (severely damaged, 71% to hit)
The searing ray hits Gabide's ghost.
Gabide's ghost is severely damaged. (Press . to maintain the ray.) Gabide's ghost hits you.
* * * LOW HITPOINT WARNING * * *
The searing ray hits Gabide's ghost!
Gabide's ghost is almost destroyed.
Gabide's ghost barely misses you.
Unknown command.
The searing ray hits Gabide's ghost but does no damage.
Gabide's ghost is almost destroyed.
Gabide's ghost hits you.
You die...

## #..........#### .##
#.............. ..######
#....########..
#......#### ##..### #..
###†......## ##..## ##.
#.........## ###...# #.
#..........###.....####
#.
#...................#.##
#.
#..............@W......#
##.
#............#######..##
#.. #...........##
##..## #.. #...........#
##..## ##. ##........###
##..## #. #....###.#
##..## #. #.#### #.#
###.####. ### #.###
##..### ###...##
##########..##


You could see Gabide's ghost.

Vanquished Creatures
  A necrophage (D:4)
  A centaur (D:4)
  2 phantoms
  A hound (D:4)
  2 adders (D:4)
  An adder skeleton (D:4)
  2 worms
  A dart slug (D:4)
  An orc (D:4)
  6 ball pythons
  4 bats
  2 endoplasms
  2 giant cockroaches
  3 goblins (D:1)
  6 hobgoblins
  3 jackals (D:1)
  2 kobolds
  4 quokkas
  A frilled lizard (D:2)
  2 rats
47 creatures vanquished.

Notes
Turn   | Place    | Note
-------+----------+-------------------------------------------
     0 | D:1      | McKennaii the Demonspawn Conjurer began the quest for the
                  | Orb.
     0 | D:1      | Reached XP level 1. HP: 13/13 MP: 3/3
   117 | D:1      | Gained mutation: You sometimes gain a little power by
                  | taking damage. [demonic ancestry]
   117 | D:1      | Reached XP level 2. HP: 9/19 MP: 0/5
   769 | D:1      | Found Lawul's Weapon Emporium.
  1272 | D:1      | Found Lumow's Book Boutique.
  1297 | D:1      | Found Ysischol's Assorted Antiques.
  1301 | D:1      | Bought a scroll labelled ARINIY SENUKHLISS for 25 gold
                  | pieces
  1775 | D:2      | Gained mutation: When seriously injured, your blood forms
                  | armour. (AC +6) [demonic ancestry]
  1775 | D:2      | Reached XP level 3. HP: 24/24 MP: 5/7
  2437 | D:3      | Found a shimmering blue altar of Sif Muna.
  2516 | D:3      | Became a worshipper of Sif Muna the Loreminder
  2608 | D:3      | Found a broken altar of Ashenzari.
  2669 | D:3      | Noticed a phantom
  2731 | D:3      | Killed a phantom
  2732 | D:3      | Reached skill level 5 in Conjurations
  2732 | D:3      | Reached XP level 4. HP: 8/30 MP: 0/9
  3440 | D:4      | Noticed a phantom
  3463 | D:4      | Killed a phantom
  3464 | D:4      | Reached XP level 5. HP: 15/35 MP: 0/10
  3780 | D:4      | Found a runed translucent gate.
  3781 | D:4      | Found a runed translucent gate.
  3783 | D:4      | Found a runed translucent gate.
  3796 | D:4      | Noticed Gabide's ghost (novice HuMo)
  3797 | D:4      | Noticed a centaur
  4013 | D:4      | Noticed a necrophage
  4059 | D:4      | Killed a necrophage
  4060 | D:4      | Reached skill level 6 in Conjurations
  4060 | D:4      | Reached XP level 6. HP: 24/41 MP: 1/12
  4063 | D:4      | Learned a level 2 spell: Searing Ray
  4500 | D:4      | Found a shadowy altar of Dithmenos.
  4842 | D:4      | HP: 2/41 [Gabide's ghost (3)]
  4844 | D:4      | Slain by Gabide's ghost

Illustrated notes

Levels and vault maps discovered:
D:1:      minmay_arrival_open_corners, layout_basic, serial_shops, shop,
          nicolae_shop_window_shopping, shop
D:2:      layout_basic
D:3:      layout_basic, pf_just_have_faith, mainiacjoe_overflow_six_doors_small
D:4:      layout_cave_pods, mainiacjoe_overflow_alcove_1, gammafunk_ghost_split

Skill      XL: |  1  2  3  4  5 |
---------------+----------------+-----
Spellcasting   | 3 4 |  4.8
Conjurations   | 5 6 |  6.3
Dodging        | |  1.7
Stealth        | |  1.7

Action                   |  1- 3 |  4- 6 || total
-------------------------+-------+-------++-------
Melee: Unarmed           |    28 |       ||    28
       Staff             |     1 |     8 ||     9
 Cast: Magic Dart        |    87 |    56 ||   143
       Searing Ray       |       |     5 ||     5
Armor: Robe              |     3 |     6 ||     9
Dodge: Dodged            |    19 |    12 ||    31
Block: Other             |       |     6 ||     6
       Reflection        |       |     1 ||     1
